 Dungeon Crawl Stone Soup version 0.21.0-22-g11d5b52 (webtiles) character file.

6904 microfolk the Grappler (level 10, -3/104 HPs)
             Began as a Troll Monk on Jan 18, 2018.
             Slain by a 12-headed hydra (4 damage)
             ... on level 1 of the Lair of Beasts.
             The game lasted 00:30:16 (9051 turns).

microfolk the Grappler (Troll Monk)                 Turns: 9051, Time: 00:30:17

Health: -3/104     AC:  7    Str: 24    XL:     10   Next: 79%
Magic:  8/8        EV:  9    Int:  8    God:
Gold:   596        SH: 20    Dex: 14    Spells: 8/9 levels left

rFire    . . .     SeeInvis +     - Unarmed
rCold    . . .     Gourm    +   K - +0 large shield
rNeg     . . .     Faith    .   J - +2 robe {MR+}
rPois    +         Spirit   .   (helmet restricted)
rElec    .         Reflect  +   (no cloak)
rCorr    .         Harm     .   (gloves unavailable)
MR       +....     Rnd*Rage +   (boots unavailable)
Stlth    ++........             L - +4 amulet of reflection
HPRegen  0.67/turn              Q - ring of poison resistance
MPRegen  0.11/turn              v - ring of see invisible

@: no status effects
A: large, unfitting armour, claws 3, fangs 1, horns 1, agile 1, berserk 1,
clever 1, fast metabolism 3, gourmand, low mp 1, regeneration 1, shaggy fur 1,
tough skin 2
a: no special abilities


You were on level 1 of the Lair of Beasts.
You were full.

You visited 3 branches of the dungeon, and saw 12 of its levels.
You also visited: Ossuary.

You collected 596 gold pieces.

Inventory:

Hand Weapons
 a - a +1 blowgun
 I - a +0 giant spiked club
Missiles
 c - 303 stones (quivered)
 n - 39 poisoned needles
 s - 10 curare-tipped needles
 t - 8 tomahawks
 P - 8 large rocks
 W - a throwing net
Armour
 J - a +2 robe of magic resistance (worn)
 K - a +0 large shield (worn)
Jewellery
 g - an uncursed ring of protection from cold
 q - an uncursed amulet of guardian spirit
 r - an uncursed ring of wizardry
 v - a ring of see invisible (right claw)
 y - an uncursed ring of fire
 z - an uncursed ring of protection from fire
 L - a +4 amulet of reflection (around neck)
 M - an uncursed ring of protection from cold
 Q - a ring of poison resistance (left claw)
Wands
 m - a wand of polymorph (29)
 A - a wand of paralysis (10)
 G - a wand of disintegration (7)
 N - a wand of enslavement (12)
 R - a wand of acid (10)
 S - a wand of digging (16)
Scrolls
 d - 3 scrolls of magic mapping
 h - a scroll of enchant weapon
 i - a scroll of blinking
 l - 5 scrolls of remove curse
 w - a scroll of amnesia {unknown}
 x - 2 scrolls of fog
 B - a scroll of immolation {unknown}
 E - a scroll of holy word {unknown}
 F - 2 scrolls of identify
 H - 2 scrolls of teleportation
 O - a scroll of fear {unknown}
 U - a scroll of vulnerability {unknown}
 V - a scroll of enchant armour {unknown}
Potions
 e - a potion of resistance
 f - 2 potions of curing
 j - 2 potions of lignification
 k - 5 potions of might
 o - 2 potions of flight
 p - 6 potions of heal wounds
 u - 3 potions of brilliance
 C - 2 potions of haste
 D - a potion of ambrosia
 T - 3 potions of agility
Comestibles
 b - 17 rations


   Skills:
 + Level 8.0 Fighting
 - Level 5.0 Throwing
 - Level 5.3 Dodging
 - Level 1.0 Stealth
 + Level 5.6 Shields
 + Level 9.6 Unarmed Combat


You had 8 spell levels left.
You knew the following spells:

 Your Spells              Type           Power        Failure   Level  Hunger
a - Apportation           Tloc           #.....       97%         1    ##.....


Dungeon Overview and Level Annotations

Branches:
Dungeon (10/15)            Temple (1/1) D:7            Lair (1/6) D:10
    Orc (0/2) D:10

Altars:
Ashenzari
Cheibriados
Dithmenos
Elyvilon
Fedhas
Gozag
Hepliaklqana
Kikubaaqudgha
Makhleb
Nemelex Xobeh
Qazlal
Ru
Sif Muna
Trog
Uskayaw
Vehumet
Wu Jian
Xom
Yredelemnul
Zin
The Shining One
Beogh

Annotations:
D:7 exclusion: downstairs


Innate Abilities, Weirdness & Mutations

You are too large for most types of armour.
You have claws for hands.
Your metabolism is lightning-fast.
You like to eat raw meat.
Your natural rate of healing is unusually fast.
You are covered in fur. (AC +1)
You have very tough skin. (AC +2)
You have very sharp teeth.
You have a pair of small horns on your head.
You are agile. (Dex +2)
You tend to lose your temper in combat.
Your mind is acute. (Int +2)
Your magical capacity is low. (-10% MP)


Message History

The 11-headed hydra is severely wounded.
You block the 11-headed hydra's attack. The 11-headed hydra closely misses you.
The 11-headed hydra bites you!
* * * LOW HITPOINT WARNING * * *
You block the 11-headed hydra's attack. The 11-headed hydra barely misses you.
You block the 11-headed hydra's attack. The 11-headed hydra bites you!
* * * LOW HITPOINT WARNING * * *
The 11-headed hydra misses you. You block the 11-headed hydra's attack.
The 11-headed hydra bites you!
* * * LOW HITPOINT WARNING * * *
The 11-headed hydra bites you.
* * * LOW HITPOINT WARNING * * *
You claw one of the 11-headed hydra's heads off!
The ten-headed hydra grows two more!
You claw the 12-headed hydra! You headbutt the 12-headed hydra.
The 12-headed hydra is almost dead.
You block the 12-headed hydra's attack. The 12-headed hydra bites you.
* * * LOW HITPOINT WARNING * * *
The 12-headed hydra bites you.
You die...

.## ..### ###
########.+..# +##.####
#............
.......######............
.......'.#.##............
.......#.†......D........
.......##.#.+...@........
.......#####.............
.......# #............>
.......# ##............
.......# #P..$........>
.......# ############.#
##.##### # ###


You could see a 12-headed hydra.

Vanquished Creatures
  Harold (Lair:1)
  A two-headed ogre (D:10)
  A cyclops (D:10)
  2 spiny frogs (Lair:1)
  A rime drake (Lair:1)
  A hippogriff (D:10)
  2 wyverns (D:10)
  A hungry ghost (D:8)
  Duvessa (D:7)
  3 orc warriors
  A porcupine (Lair:1)
  4 sky beasts
  An ice beast (D:5)
  A necrophage (D:7)
  9 ogres
  2 black bears (D:8)
  2 centaurs
  A big kobold (D:9)
  A bullfrog (D:7)
  Dowan (D:6)
  A water moccasin zombie (D:10)
  4 scorpions
  A howler monkey (D:5)
  3 crimson imps
  A bullfrog zombie (D:9)
  A centaur zombie (D:6)
  2 hounds
  4 jellies
  A centaur skeleton (D:6)
  3 orc priests
  3 iguanas
  A worker ant (D:10)
  4 orc wizards
  7 big kobold zombies (Ossuary)
  7 mummies
  A worker ant zombie (D:7)
  Robin (D:3)
  A howler monkey skeleton (D:4)
  10 adders
  6 worms
  A dart slug (D:1)
  4 leopard geckos
  34 orcs
  3 ball pythons
  11 goblins
  12 hobgoblins
  7 jackals
  3 quokkas
  5 bats
  3 frilled lizards
  A goblin zombie (D:6)
  3 hobgoblin zombies (Ossuary)
  8 kobolds
  A kobold zombie (D:6)
  2 leopard gecko skeletons
  A leopard gecko zombie (D:5)
  5 rats
203 creatures vanquished.

Vanquished Creatures (others)
  A kobold (D:9)
  A plant (Lair:1)
2 creatures vanquished.

Grand Total: 205 creatures vanquished

Notes
Turn   | Place    | Note
-------+----------+-------------------------------------------
     0 | D:1      | microfolk the Troll Monk began the quest for the Orb.
     0 | D:1      | Reached XP level 1. HP: 22/22 MP: 0/0
   247 | D:1      | Reached XP level 2. HP: 29/29 MP: 1/1
   918 | D:2      | Found a shadowy altar of Dithmenos.
   934 | D:2      | Found a sparkling altar of Nemelex Xobeh.
   986 | D:2      | Reached skill level 1 in Throwing
   986 | D:2      | Reached XP level 3. HP: 27/36 MP: 2/2
  1094 | D:2      | Noticed a hand axe
  1094 | D:2      | Noticed a dagger
  1113 | D:2      | Found a hide-covered altar of Uskayaw.
  1514 | D:3      | Found a hazy altar of Hepliaklqana.
  1575 | D:3      | Reached XP level 4. HP: 30/44 MP: 3/3
  1763 | D:3      | Noticed Robin
  1784 | D:3      | Killed Robin
  1995 | D:3      | Reached XP level 5. HP: 52/53 MP: 2/4
  2217 | D:3      | Found a sparkling altar of Nemelex Xobeh.
  2520 | D:4      | Reached skill level 4 in Unarmed Combat
  2948 | D:4      | Found a glowing golden altar of the Shining One.
  3341 | D:5      | Entered Level 5 of the Dungeon
  3357 | D:5      | Reached XP level 6. HP: 56/61 MP: 3/5
  3731 | D:5      | Gained mutation: Your flesh is cold resistant. (rC+) [potion of mutation]
  3731 | D:5      | Gained mutation: You have very sharp teeth. [potion of mutation]
  3731 | D:5      | Gained mutation: You are partially covered in rugged brown scales. (AC +1, +3% HP) [potion of mutation]
  3732 | D:5      | Lost mutation: You are partially covered in rugged brown scales. (AC +1, +3% HP) [potion of mutation]
  3732 | D:5      | Lost mutation: Your flesh is cold resistant. (rC+) [potion of mutation]
  3732 | D:5      | Gained mutation: Your mind is acute. (Int +2) [potion of mutation]
  3732 | D:5      | Gained mutation: You tend to lose your temper in combat. [potion of mutation]
  3732 | D:5      | Gained mutation: Armour fits poorly on your strangely shaped body. [potion of mutation]
  3732 | D:5      | Gained mutation: You have sharp toenails. [potion of mutation]
  3733 | D:5      | Lost mutation: You have sharp toenails. [potion of mutation]
  3733 | D:5      | Lost mutation: Armour fits poorly on your strangely shaped body. [potion of mutation]
  3733 | D:5      | Gained mutation: Your magical capacity is low. (-10% MP) [potion of mutation]
  3733 | D:5      | Gained mutation: You are agile. (Dex +2) [potion of mutation]
  3733 | D:5      | Gained mutation: You have a pair of small horns on your head. [potion of mutation]
  3753 | D:5      | Reached XP level 7. HP: 68/68 MP: 5/5
  4027 | D:5      | Found a white marble altar of Elyvilon.
  4034 | D:5      | Found an ancient bone altar of Kikubaaqudgha.
  4224 | D:5      | Found a basalt altar of Yredelemnul.
  4256 | D:5      | Reached skill level 5 in Unarmed Combat
  4436 | D:6      | Found a sand-covered staircase.
  4444 | Ossuary  | Entered an ossuary
  4892 | D:6      | Learned a level 1 spell: Apportation
  4971 | D:6      | Reached XP level 8. HP: 69/79 MP: 4/6
  5210 | D:7      | Noticed Duvessa
  5210 | D:7      | Noticed Dowan
  5333 | D:7      | Killed Duvessa
  5347 | D:6      | Killed Dowan
  5347 | D:6      | Reached skill level 6 in Unarmed Combat
  5451 | D:7      | Reached skill level 5 in Fighting
  5451 | D:7      | Reached skill level 5 in Dodging
  5646 | D:6      | Reached skill level 5 in Throwing
  5744 | D:7      | Reached XP level 9. HP: 81/88 MP: 7/7
  5870 | D:7      | Found a staircase to the Ecumenical Temple.
  5879 | Temple   | Entered the Ecumenical Temple
  6201 | D:8      | Reached skill level 1 in Shields
  6289 | D:8      | Found a radiant altar of Vehumet.
  6310 | D:8      | Found a deep blue altar of Sif Muna.
  6313 | D:8      | Found a burning altar of Makhleb.
  6316 | D:8      | Found an ornate altar of the Wu Jian Council.
  6372 | D:8      | Noticed a two-headed ogre
  6586 | D:8      | Reached skill level 7 in Unarmed Combat
  6678 | D:8      | Noticed a two-headed ogre
  7091 | D:9      | Found a roughly hewn altar of Beogh.
  7165 | D:9      | Reached skill level 8 in Unarmed Combat
  7424 | D:9      | Noticed a two-headed ogre
  7543 | D:10     | Entered Level 10 of the Dungeon
  7543 | D:10     | Found a staircase to the Orcish Mines.
  7650 | D:10     | Found a staircase to the Lair.
  7657 | Lair:1   | Entered Level 1 of the Lair of Beasts
  7726 | D:10     | Reached XP level 10. HP: 90/100 MP: 8/8
  8037 | D:10     | Noticed a cyclops
  8271 | D:10     | Noticed a two-headed ogre
  8283 | D:10     | Killed a two-headed ogre
  8421 | D:10     | Killed a cyclops
  8589 | Lair:1   | Noticed an eight-headed hydra
  8608 | Lair:1   | Noticed Harold
  8630 | Lair:1   | Killed Harold
  8630 | Lair:1   | Reached skill level 5 in Shields
  8630 | Lair:1   | Reached skill level 9 in Unarmed Combat
  8951 | Lair:1   | Noticed a spiny frog
  8961 | Lair:1   | Killed a spiny frog
  8988 | Lair:1   | Noticed a spiny frog
  9000 | Lair:1   | Killed a spiny frog
  9050 | Lair:1   | HP: 5/104 [11-headed hydra (3)]
  9051 | Lair:1   | HP: 1/104 [12-headed hydra (4)]
  9051 | Lair:1   | Slain by a 12-headed hydra

Skill      XL: |  1  2  3  4  5  6  7  8  9 10 |
---------------+-------------------------------+-----
Throwing       | 1 2 3 5 |  5.0
Fighting       | 3 4 5 6 8 |  8.0
Dodging        | 3 4 5 |  5.3
Unarmed Combat | 4 5 6 8 9 |  9.6
Shields        | 3 5 |  5.6
Stealth        | |  1.0

Action                   |  1- 3 |  4- 6 |  7- 9 | 10-12 || total
-------------------------+-------+-------+-------+-------++-------
Melee: Unarmed           |    80 |   147 |   341 |    52 ||   620
       Punch             |       |     3 |    10 |       ||    13
       Bite              |       |     5 |    37 |    10 ||    52
       Headbutt          |       |     3 |    85 |    17 ||   105
Throw: Stone             |    51 |    85 |    78 |    34 ||   248
       Throwing net      |       |       |       |     1 ||     1
Evoke: Wand              |       |       |       |     9 ||     9
  Use: Scroll            |     4 |     2 |     9 |     6 ||    21
       Potion            |       |     3 |       |       ||     3
 Stab: Sleeping          |     3 |       |     6 |       ||     9
       Distracted        |       |       |     2 |       ||     2
  Eat: Chunk             |    20 |    19 |    42 |     8 ||    89
       Ration            |       |       |       |     1 ||     1
Armor: Robe              |    26 |    36 |    37 |     7 ||   106
Dodge: Dodged            |    26 |    61 |   102 |    11 ||   200
Block: Large shield      |       |       |   105 |    48 ||   153
       Reflection        |       |       |     6 |     3 ||     9
